[Event "Early-Titled-Tuesday-Blitz-October-17-2023"]
[Site "Chess.com"]
[Date "2023.10.17"]
[Round "10"]
[White "balachess2006"]
[Black "a-z30"]
[Result "0-1"]
[WhiteElo "2595"]
[BlackElo "2517"]
[TimeControl "180+1"]
[EndTime "10:00:25 PDT"]
[Termination "a-z30 won by checkmate"]

1. Nf3 d6 2. d4 Nf6 3. g3 g6 4. Bg2 Bg7 5. c4 O-O 6. O-O c6 7. Nc3 Bf5 8. Ne1 d5 9. cxd5 cxd5 10. Qb3 Nc6 11. Qxb7 Nxd4 12. Be3 Ng4 13. Bxd4 Bxd4 14. Qxd5 Nxf2 15. e3 Bxe3 16. Rxf2 Bxf2+ 17. Kxf2 Qb6+ 18. Kf1 Qxb2 19. Qb3 Qxa1 20. Bxa8 Rxa8 21. Nd5 Qe5 22. Nf3 Qd6 23. Qb7 Re8 24. Ne3 Bd3+ 25. Kf2 Qa6 26.
Qd7 Qxa2+ 27. Kg1 Qb1+ 28. Kf2 Rb8 29. g4 Be4 30. Nd2 Qd3 31. Qxd3 Bxd3 32. Nd5 Kf8 33.
Ke3 Bb5 34. Nc7 Be8 35. Kd4 a5 36. Nc4 a4 37. Nd5 Rb1 38. Nc3 Rh1 39. Ne3 Rxh2 40. Nb1 Rb2 41. Na3 Rb3 42. Nec4 f6 43. Nc2 Bf7 44.
N4e3 Rxe3 45. Kxe3 e5 46. Na3 Kg7 47. Nb5 Bb3 48. Kf3 Kh6 49. Kg3 Kg5 50. Nd6 f5 51.
gxf5 gxf5 52. Nb5 f4+ 53. Kf3 Bd5+ 54. Kf2 e4 55. Nc3 Bc6 56. Ke2 e3 57. Nd1 h5 58.
Nb2 a3 59. Kf1 axb2 60. Kg1 b1=Q+ 61. Kh2 Qc2+ 62. Kh3 Qg2# 0-1

[Event "Early-Titled-Tuesday-Blitz-October-17-2023"]
[Site "Chess.com"]
[Date "2023.10.17"]
[Round "10"]
[White "Firouzja2003"]
[Black "Msb2"]
[Result "1-0"]
[WhiteElo "3100"]
[BlackElo "3063"]
[TimeControl "180+1"]
[EndTime "10:00:33 PDT"]
[Termination "Firouzja2003 won by resignation"]

1. d4 d5 2. c4 e6 3. Nc3 Bb4 4. e3 Nf6 5. a3 Bxc3+ 6. bxc3 c6 7. Bd3 e5 8. a4 e4 9. Bc2 O-O 10. Bb3 b6 11. Ba3 Re8 12. cxd5 cxd5 13. c4 dxc4 14.
Bxc4 Ba6 15. Rc1 Bxc4 16. Rxc4 b5 17. Rc5 Qa5+ 18. Kf1 a6 19. Ne2 Nbd7 20. Rc1 Nb6 21. Nf4 Qxa4 22. Qxa4 Nxa4 23. Bd6 a5 24. g4 Nxg4 25.
Ke2 Ra6 26. Rhg1 Rxd6 27. Rxg4 b4 28. Rg5 b3 29. Kd2 b2 30. Rb1 Nb6 31. Kc3 Rc8+ 32. Kxb2 h6 33. Rb5 Na4+ 34. Kb3 Nc3 35. Rc1 a4+ 36. Kb2 a3+ 37. Ka1 Nxb5 38. Rxc8+ Kh7 39. Rc5 Rb6 40. Nd5 Rb7 41. h4 Nd6 42. Rc6 Nf5 43.
Nc3 Nxh4 44. Nxe4 f5 45. Nc5 Rb2 46. d5 Rxf2 47. d6 Rd2 48. d7 Ng2 49. Rc8 Nxe3 50. d8=Q Nc2+ 51. Kb1 Rxd8 52. Rxd8 Ne3 53. Rd3 f4 54.
Rxa3 g5 55. Kc1 g4 56. Ne6 g3 57. Nxf4 g2 58. Ne2 Nf5 59. Kd2 h5 60. Ng1 h4 61.
Ke1 Kg6 62. Kf2 Kh5 63. Kxg2 1-0

[Event "Early-Titled-Tuesday-Blitz-October-17-2023"]
[Site "Chess.com"]
[Date "2023.10.17"]
[Round "10"]
[White "JimDiGrease"]
[Black "Ginzburg_Yakov"]
[Result "1-0"]
[WhiteElo "2897"]
[BlackElo "2611"]
[TimeControl "180+1"]
[EndTime "10:00:33 PDT"]
[Termination "JimDiGrease won by resignation"]

1. d4 d5 2. c4 c6 3. Nf3 Nf6 4. e3 a6 5. Nbd2 b5 6. b3 Bf5 7.
Nh4 Bg4 8. Qc2 e6 9. h3 Bh5 10.
g4 Bg6 11. Nxg6 hxg6 12. Bg2 Nbd7 13. Bb2 g5 14. O-O Qc8 15. Rac1 Qc7 16. Rfd1 Rc8 17. cxd5 exd5 18. e4 Qf4 19. exd5 Bd6 20. dxc6 Nb6 21. Re1+ Kf8 22. Nf3 Rxh3 23. Qf5 Rh4 24. Nxh4 Qh2+ 25. Kf1 Qxh4 26. Re2 Nxg4 27. Rce1 g6 28. Qd3 Nh2+ 29. Kg1 Ng4 30. Qh3 Bh2+ 31. Kf1 Bf4 32. Qxh4 gxh4 33. Bh3 Nh2+ 34. Kg2 Rd8 35. Re4 Nd5 36. Rxf4 Nxf4+ 37. Kxh2 f5 38. Ba3+ Kf7 39. Re7+ Kf6 40. c7 Rc8 41. Bg2 h3 42. Bb7 Rxc7 43. Rxc7 g5 44. Be7+ Kg6 45. Rc8 g4 46. Bd6 Ne2 47. Be5 f4 48. Rg8+ Kf5 49.
Bc8+ Ke4 50. Bxg4 f3 51. Kxh3 Ng1+ 52. Kg3 Ne2+ 53. Kh4 Nc3 54. Rf8 Kd3 55. Rxf3+ Kc2 56. Rxc3+ Kxc3 57. d5+ 1-0

[Event "Early-Titled-Tuesday-Blitz-October-17-2023"]
[Site "Chess.com"]
[Date "2023.10.17"]
[Round "10"]
[White "N4700000"]
[Black "scarabee43"]
[Result "0-1"]
[WhiteElo "2539"]
[BlackElo "2805"]
[TimeControl "180+1"]
[EndTime "10:00:34 PDT"]
[Termination "scarabee43 won on time"]

1. e4 c5 2. Nf3 e6 3. c3 d5 4.
e5 d4 5. d3 Nc6 6. g3 Nge7 7.
Bg2 dxc3 8. Nxc3 Nf5 9. O-O Be7 10. Ne4 O-O 11. a3 b6 12. Bg5 Bb7 13. h4 h6 14.
Bxe7 Qxe7 15. Qd2 Rfd8 16. Rfd1 Kh8 17. Qf4 Ncd4 18. Nxd4 Rxd4 19. Rd2 Rad8 20. Rad1 Ba6 21. Qf3 Bb7 22. Qf4 Bc6 23. h5 Ba4 24. Re1 Bb5 25.
g4 Nh4 26. Bh1 Bxd3 27. Qg3 Bxe4 28. Rxd4 Rxd4 29. Bxe4 g5 30. hxg6 fxg6 31. b4 cxb4 32. Qe3 Qd8 33. Qxh6+ Kg8 34. axb4 Rd1 35. Kf1 Rxe1+ 36.
Kxe1 Qd4 37. Qxh4 Qxe4+ 38. Kf1 Qxe5 39. Qd8+ Kg7 40. Qe7+ Kh6 41. Qh4+ Kg7 42. Qe7+ Kh8 43. Qf8+ Kh7 44. Qe7+ Qg7 45. Qxe6 Qc7 46. Qe4 a5 47. bxa5 bxa5 48. g5 Qc1+ 49. Ke2 Qxg5 50. Qb7+ Kh6 51. Qa8 Qe5+ 52. Kf3 Kg5 53. Kg2 Qf5 54.
Qd8+ Kh5 55. Qh8+ Kg4 56. Qh3+ Kg5 57. Qe3+ Kf6 58. Qd4+ Qe5 59. Qd8+ Kf7 60. Qd7+ Kf8 61. Qd8+ Kg7 62. Qd7+ Kh6 63. Qh3+ Qh5 64. Qd7 Qf5 0-1

[Event "Early-Titled-Tuesday-Blitz-October-17-2023"]
[Site "Chess.com"]
[Date "2023.10.17"]
[Round "10"]
[White "krzyzan94"]
[Black "MikaelyanArman"]
[Result "0-1"]
[WhiteElo "2786"]
[BlackElo "2868"]
[TimeControl "180+1"]
[EndTime "10:00:35 PDT"]
[Termination "MikaelyanArman won on time"]

1. e4 c5 2. Nf3 Nc6 3. Bb5 g6 4.
O-O Bg7 5. Re1 Nf6 6. Bxc6 dxc6 7. e5 Nd5 8. h3 O-O 9. d3 b6 10.
a4 a5 11. Nbd2 Ba6 12. Ne4 Qc7 13. Ng3 Rad8 14. b3 f5 15. Bd2 e6 16. Qc1 Nb4 17.
h4 h6 18. Bxh6 Nxc2 19. Bxg7 Nxe1 20. Bxf8 Nxf3+ 21. gxf3 Rxf8 22. Qg5 Qg7 23. f4 Bxd3 24. Ra2 c4 25. bxc4 Bxc4 26. Rd2 Bd5 27. Rb2 b5 28.
axb5 a4 29. b6 a3 30. Rb4 a2 31. Ra4 Rb8 32. Kh2 Rxb6 33. Ra8+ Kh7 34. h5 Rb7 35.
hxg6+ Qxg6 36. Rh8+ Kxh8 37. Qxg6 a1=Q 38. Qf6+ Kg8 39.
Qd8+ Kf7 40. Qf6+ Ke8 41. Qh8+ Kd7 42. Qf8 Kc7 43. Qc5 Kb8 44. Qf8+ Ka7 45. Qc5+ Ka6 46. Qd6 Qa5 47. Qf8 Qb4 48. Qe8 Kb6 49. Qa8 Qa5 50.
Qd8+ Ka6 51. Qd6 Qb6 52. Qa3+ Qa5 53. Qf8 Ka7 54. Qd6 Qb4 55. Qd8 Qc3 56. Qf8 Rb6 57.
Qe7+ Ka6 58. Qd8 Kb5 59. Kh3 c5 60. Kh4 Ra6 61. Qb8+ Kc4 62. Ne2 Qf3 63. Qb2 Qh1+ 64. Kg5 Kd3 0-1

[Event "Early-Titled-Tuesday-Blitz-October-17-2023"]
[Site "Chess.com"]
[Date "2023.10.17"]
[Round "10"]
[White "nelsi"]
[Black "Smiechu"]
[Result "0-1"]
[WhiteElo "2311"]
[BlackElo "2508"]
[TimeControl "180+1"]
[EndTime "10:00:39 PDT"]
[Termination "Smiechu won by checkmate"]

1. e4 c5 2. Nf3 g6 3. c3 Bg7 4. d4 cxd4 5. cxd4 d5 6. e5 Nh6 7.
Bb5+ Bd7 8. Qa4 O-O 9. Nc3 Bg4 10. Bxh6 Bxh6 11. Nd2 a6 12. Be2 Bxe2 13. Nxe2 Bxd2+ 14. Kxd2 Nc6 15. h4 e6 16. h5 Rc8 17. Qb3 Qg5+ 18. f4 Qxg2 19. hxg6 fxg6 20. Qxb7 Ne7 21. Qxe7 Rc2+ 22.
Kxc2 Qxe2+ 23. Kc3 Rc8+ 24. Qc5 Rxc5+ 25. dxc5 Qc4+ 26. Kd2 Qxc5 27. Rac1 Qd4+ 28. Kc2 Qxf4 29. Rhe1 h5 30. a3 h4 31. b4 g5 32. Kb3 h3 33. Ka4 Kg7 34. Ka5 Qf3 35. Kxa6 Qxa3+ 36. Kb5 Qd3+ 37. Ka5 g4 38. b5 Qa3+ 39. Kb6 g3 40. Kc7 h2 41. b6 g2 42. b7 Qxc1+ 43. Rxc1 g1=Q 44. Rxg1+ hxg1=Q 45. b8=Q Qc5+ 46. Kd7 Kg6 47. Kxe6 d4 48. Qg8+ Kh5 49. Kf5 Qc2+ 50. Kf6 Qf2+ 51. Ke7 d3 52. e6 d2 53. Qe8+ Kg4 54. Qd7 Qe1 55. Kf8 d1=Q 56. Qxd1+ Qxd1 57. e7 Qf3+ 58. Kg8 Qe4 59. Kf8 Qf5+ 60. Kg8 Qe6+ 61. Kf8 Qf6+ 62. Ke8 Kf5 63. Kd7 Qe6+ 64. Kd8 Qd6+ 65. Ke8 Kf6 66. Kf8 Qxe7+ 67. Kg8 Qg7# 0-1

[Event "Early-Titled-Tuesday-Blitz-October-17-2023"]
[Site "Chess.com"]
[Date "2023.10.17"]
[Round "10"]
[White "Karttunen"]
[Black "Rosh1610"]
[Result "1-0"]
[WhiteElo "2588"]
[BlackElo "2447"]
[TimeControl "180+1"]
[EndTime "10:00:45 PDT"]
[Termination "Karttunen won by checkmate"]

1. d4 Nf6 2. c4 e6 3. Nc3 Bb4 4. e3 O-O 5. Bd3 d5 6. Nf3 b6 7. a3 Bxc3+ 8. bxc3 dxc4 9. Bxc4 Bb7 10. O-O Nbd7 11.
Re1 c5 12. Bb2 Rc8 13. Rc1 Qe7 14. Ba2 Rfd8 15. c4 Nf8 16. Ne5 Ng6 17. Nd3 Ba8 18.
f3 h6 19. a4 Bc6 20. a5 Ba8 21. Qa4 Bc6 22. Qa3 Bb7 23. Red1 Nh5 24. Qb3 Qg5 25. Ne1 cxd4 26. exd4 Ngf4 27. Kf1 Qxa5 28. Bb1 Ba6 29.
g3 Rxc4 30. Rxc4 Qd5 31. Rc1 Rc8 32. Bd3 Rxc4 33. Bxc4 Bxc4+ 34. Qxc4 Qf5 35. gxf4 Nxf4 36. Qc2 Qh3+ 37. Kg1 Qh4 38. Qc8+ Kh7 39. Qc2+ f5 40. Ng2 Qg5 41. Kf1 Nh3 42. f4 Nxf4 43. Nxf4 Qxf4+ 44. Qf2 Qe4 45. Re1 Qd3+ 46. Kg1 Qc4 47. Qe3 Qd5 48.
Qxe6 Qf3 49. Qe2 Qf4 50. Rf1 Qg5+ 51. Qg2 Qe3+ 52. Qf2 Qg5+ 53. Kh1 g6 54. Qf4 Qd8 55. Qf3 Qd6 56. d5 Qd7 57. Rd1 Qd6 58. Qc3 Qd7 59. Qg7+ Qxg7 60. Bxg7 Kxg7 61. d6 Kf7 62. d7 Ke7 63.
d8=Q+ Kf7 64. Qd7+ Kf8 65. Qc7 Kg8 66. Rd8# 1-0

[Event "Early-Titled-Tuesday-Blitz-October-17-2023"]
[Site "Chess.com"]
[Date "2023.10.17"]
[Round "10"]
[White "Harry_Rakkel"]
[Black "ChessPromotionAlex"]
[Result "1/2-1/2"]
[WhiteElo "2707"]
[BlackElo "2611"]
[TimeControl "180+1"]
[EndTime "10:00:54 PDT"]
[Termination "Game drawn by repetition"]

1. e4 c5 2. Nf3 Nc6 3. d4 cxd4 4. Nxd4 g6 5. c4 Bg7 6. Be3 Qb6 7. Nb5 Qa5+ 8. N5c3 Nf6 9. Nd2 O-O 10. Be2 d6 11. O-O Be6 12. Kh1 Rfc8 13. Rc1 Ne5 14. b3 Neg4 15. Bd4 Ne5 16. f4 Nc6 17. Bg1 Nb4 18. f5 Bd7 19. a4 gxf5 20. exf5 Bxf5 21. Nf3 Bg6 22. Nh4 Qg5 23. Nxg6 hxg6 24. Bf3 Nc6 25. Re1 Rab8 26. Rc2 Qh4 27. Rce2 Ne5 28. Re3 Nxf3 29. Rxf3 b6 30. Rxe7 Re8 31. Qxd6 Rbd8 32. Rxe8+ Rxe8 33.
Nd5 Nxd5 34. Qxd5 Qe7 35. c5 Rd8 36. Qc4 bxc5 37. Rf1 Rc8 38. b4 Bf8 39. bxc5 Qd7 40. h3 Rc6 41. Rf3 Qc7 42. Rc3 a6 43. Rc2 Bg7 44. Qd5 Be5 45. Rf2 Bg7 46. Rf3 Re6 47.
Rb3 Bf8 48. Rb7 Qc6 49. Qxc6 Rxc6 50. Rb6 Rc7 51. Rxa6 Bxc5 52. Bxc5 Rxc5 53. a5 Kg7 54. Kh2 Rc3 55. Ra8 Ra3 56. a6 g5 57. a7 f6 58. g3 Ra2+ 59. Kg1 f5 60. Kf1 f4 61. gxf4 gxf4 62. h4 f3 63. h5 Kh7 64. h6 Ra4 65. Kf2 Ra3 66. Kg3 f2+ 67. Kxf2 Ra2+ 68. Ke3 Ra1 69. Kd4 Ra2 70. Kc5 Ra1 71. Kb6 Rb1+ 72.
Kc6 Ra1 73. Kb6 Rb1+ 74. Kc6 Ra1 75. Kb6 1/2-1/2

[Event "Early-Titled-Tuesday-Blitz-October-17-2023"]
[Site "Chess.com"]
[Date "2023.10.17"]
[Round "10"]
[White "PeshkaCh"]
[Black "Alphafischer2019"]
[Result "1-0"]
[WhiteElo "2815"]
[BlackElo "2604"]
[TimeControl "180+1"]
[EndTime "10:01:01 PDT"]
[Termination "PeshkaCh won by checkmate"]

1. Nf3 Nf6 2. d4 b6 3. g3 Bb7 4. Bg2 g6 5. O-O Bg7 6. c4 O-O 7. Nc3 Ne4 8. Qc2 Nxc3 9. Qxc3 c5 10. e3 Nc6 11. b3 Rc8 12. Bb2 cxd4 13. exd4 d5 14.
Rac1 dxc4 15. bxc4 Na5 16. Qd3 e6 17. Ba3 Re8 18.
c5 Bd5 19. Qa6 Nc6 20. Rfd1 h5 21. h4 Qf6 22. cxb6 axb6 23. Ne5 Ra8 24. Qd3 Nxe5 25. dxe5 Qxe5 26. Bxd5 exd5 27. Rb1 Qe6 28. Bb2 Rxa2 29. Bxg7 Kxg7 30. Qd4+ Qf6 31. Qxf6+ Kxf6 32. Rxd5 Re6 33. Rdb5 Ra6 34. Kg2 Ke7 35. Kf3 Ra3+ 36. Kg2 Ra6 37. Kf3 Kd7 38. Rc1 Rc6 39. Rd1+ Rd6 40. Rc1 Ra5 41. Rb3 Rf5+ 42. Kg2 b5 43. Rc2 Rdd5 44. Rb4 Rc5 45. Re2 Rfe5 46. Rd2+ Red5 47. Ra2 Ke6 48.
Ra6+ Rd6 49. Ra5 Rb6 50. Ra3 Rc4 51. Rb1 b4 52. Rd3 Rbc6 53. Rdb3 Rb6 54. Rd3 Rc5 55. Rd4 b3 56. Rd3 b2 57. Rd2 Rcb5 58. Re1+ Kf6 59.
Rb1 g5 60. hxg5+ Kxg5 61. Kf1 Rb3 62. Kg2 f5 63. Kg1 Kg4 64. Rd4+ Kg5 65. Rd2 R6b4 66. Kg2 Kg4 67. Re2 h4 68. gxh4 f4 69. f3+ Kxh4 70. Re5 Rb5 71. Rh1# 1-0

[Event "Early-Titled-Tuesday-Blitz-October-17-2023"]
[Site "Chess.com"]
[Date "2023.10.17"]
[Round "10"]
[White "MightyGMpretender"]
[Black "Sokoloco"]
[Result "1/2-1/2"]
[WhiteElo "2833"]
[BlackElo "2716"]
[TimeControl "180+1"]
[EndTime "10:01:06 PDT"]
[Termination "Game drawn by repetition"]

1. e4 d6 2. d4 g6 3. Nf3 Bg7 4. Nc3 a6 5. Bd3 b5 6. Ne2 Bb7 7. Ng3 Nd7 8. c3 e5 9. O-O Ngf6 10. Re1 O-O 11. a4 c6 12. h3 Re8 13. Bg5 h6 14. Bd2 Qc7 15. b4 Rad8 16. Qc1 Kh7 17. Qa3 d5 18. Qa2 exd4 19. cxd4 dxe4 20. Nxe4 Nxe4 21. Bxe4 Nf6 22. Bc2 c5 23. bxc5 Bxf3 24. gxf3 Rxd4 25. Bc3 Rxe1+ 26. Rxe1 Rc4 27. Be5 Qxc5 28. Bd3 Rc1 29. Rxc1 Qxc1+ 30. Kg2 Qg5+ 31. Bg3 Nd5 32. Kh2 Be5 33.
Be4 Nc3 34. Qxf7+ Bg7 35. Bc2 bxa4 36. Bd3 a3 37. Bc4 h5 38. Bf4 Qd8 39. Bb3 Qf8 40. Qxf8 Bxf8 41. Bd2 Bg7 42. Bxc3 Bxc3 43. Kg3 Bb2 44.
f4 Kg7 45. Kf3 Kf6 46. Ke4 Bc1 47. f3 Bb2 48. Ba2 Bc3 49. Bb3 Bb4 50. Ba2 Bd6 51. Bb3 Bc7 52. Ba2 a5 53. Bb3 a4 54. Ba2 Bd6 55.
Bc4 Ke7 56. Ba2 Bb4 57. f5 g5 58. Bc4 Kf6 59. Ba2 Bc3 60. Bc4 Bb2 61. Ba2 Bc1 62. Be6 Bf4 63. Ba2 Be5 64. Be6 Bd6 65. Ba2 Be7 66. Be6 Bf8 67. Ba2 Bg7 68. Bc4 Bh6 69. Ba2 Bf8 70. Bc4 Bb4 71. Ba2 Ba5 72. Bc4 Bb6 73.
Ba2 Ba7 74. Bc4 Bb8 75. Ba2 Bf4 76. Bd5 Bc1 77. Ba2 Bb2 78. Bd5 Ke7 79. Ba2 Kd6 80. Bg8 Kc5 81. Kd3 Bf6 82. Bf7 Kb4 83. Kc2 Be5 84.
Bg8 Kc5 85. Kd3 Bf6 86. Bf7 Kb5 87. Bg8 Kb4 88. Kc2 Be5 89. Bf7 Bf4 90. Bg8 Be3 91. Bf7 Bd4 92. Bg8 Kc5 93. Kd3 Bf6 1/2-1/2

[Event "Early-Titled-Tuesday-Blitz-October-17-2023"]
[Site "Chess.com"]
[Date "2023.10.17"]
[Round "10"]
[White "Anton_Demchenko"]
[Black "Russian_berezka"]
[Result "1/2-1/2"]
[WhiteElo "2994"]
[BlackElo "2688"]
[TimeControl "180+1"]
[EndTime "10:01:10 PDT"]
[Termination "Game drawn by repetition"]

1. e4 e5 2. Nf3 Nc6 3. Bc4 Bc5 4. d3 Nf6 5. Bg5 d6 6. c3 h6 7. Bh4 a6 8. Nbd2 g5 9. Bg3 Ba7 10. O-O Qe7 11. Kh1 Nh7 12. d4 Nf8 13. Bd5 Ng6 14.
Nc4 g4 15. Nfd2 h5 16. f3 h4 17. Be1 g3 18. f4 Nxf4 19. Rxf4 exf4 20. h3 Be6 21.
Qf3 Qg5 22. Bxc6+ bxc6 23. Qf1 Ke7 24. Nf3 Qb5 25. b3 d5 26. exd5 cxd5 27. a4 Qxb3 28. Nce5 c5 29. Bd2 cxd4 30. Nc6+ Kf8 31. Nfxd4 Qc4 32. Qxf4 Bxd4 33. Nxd4 Re8 34. Rf1 Rh7 35. Kg1 Qd3 36. Qf6 Kg8 37. Bf4 Qg6 38. Qe5 Qe4 39. Qd6 Rg7 40. Bh6 Rg6 41. Bd2 Bxh3 42. Qxg6+ fxg6 43. gxh3 Rf8 44. Re1 Qd3 45. Bg5 Qxc3 46.
Rd1 Re8 47. Bxh4 g2 48. Bf2 Re4 49. Kxg2 Rf4 50. Rf1 Qd2 51. Nf3 Qe2 52. Nh2 Qe4+ 53.
Kg3 Rf5 54. Ng4 Qf4+ 55. Kg2 Qe4+ 56. Kg3 Kg7 57. Re1 Qf3+ 58. Kh2 Qxf2+ 59. Nxf2 Rxf2+ 60. Kg3 Ra2 61. Re5 Rxa4 62. Rxd5 Ra3+ 63. Kg4 Kh6 64. Rd8 a5 65. Rh8+ Kg7 66. Ra8 Ra1 67. Ra7+ Kh6 68.
h4 a4 69. Ra6 Kg7 70. Kg5 Rg1+ 71. Kf4 Rh1 72. Kg4 Rg1+ 73. Kf4 Rf1+ 74. Kg4 Ra1 75. Kg5 Rg1+ 76. Kf4 1/2-1/2

[Event "Early-Titled-Tuesday-Blitz-October-17-2023"]
[Site "Chess.com"]
[Date "2023.10.17"]
[Round "10"]
[White "Langua_Chess"]
[Black "jraosam"]
[Result "1/2-1/2"]
[WhiteElo "2492"]
[BlackElo "2127"]
[TimeControl "180+1"]
[EndTime "10:01:15 PDT"]
[Termination "Game drawn - insufficient material"]

1. e4 d5 2. exd5 Qxd5 3. d4 e5 4. Nf3 exd4 5. Qxd4 Nf6 6. Nc3 Qxd4 7. Nxd4 c6 8. Bc4 Bc5 9. Nb3 Bb4 10. O-O O-O 11. Bf4 b5 12. Be2 Re8 13. Bf3 Bb7 14.
Nxb5 Na6 15. a3 Be7 16. Na5 cxb5 17. Bxb7 Nc5 18. Bxa8 Rxa8 19. Rfe1 Ne6 20. Rad1 Rc8 21. Bd6 Bxd6 22. Rxd6 Rxc2 23. b4 Ra2 24. Rd3 h6 25. h3 Nf4 26. Rf3 Ne2+ 27. Kh2 Nd4 28. Rd3 Ne6 29. Kg3 Nh5+ 30. Kh2 Rxf2 31. Rde3 Nhf4 32.
Rg1 Ng5 33. Rg3 Ne2 34. Re3 Nxg1 35. Kxg1 Ra2 36. Nc6 a6 37. Nb8 Ne6 38. Nxa6 Nf4 39. g3 Nxh3+ 40. Kf1 f5 41. Nc7 g5 42. Nxb5 f4 43.
gxf4 Nxf4 44. Nd6 Ra1+ 45. Kf2 Rd1 46. Nf5 Kh7 47. b5 Kg6 48. Ne7+ Kf7 49. Nc6 Rc1 50.
Rb3 Nd5 51. Kf3 h5 52. a4 g4+ 53. Ke4 Nf6+ 54. Kf5 Rc5+ 55. Kf4 h4 56. Ne5+ Ke6 57. Nxg4 Rc4+ 58. Kf3 Nxg4 59. b6 Ne5+ 60. Kg2 Nc6 61. b7 Nb8 62. a5 Ra4 63. Rb5 Kd7 64. Kh3 Kc7 65. Kh2 Kc6 66. Rb6+ Kc5 67. Kh3 Rxa5 68. Rh6 Rb5 69. Rh5+ Kb6 70. Rxb5+ Kxb5 71. Kxh4 Kb6 72. Kg4 Nd7 73. Kg3 Nb8 74. Kf3 Ka7 75. Kf2 Na6 76. Ke2 Nc5 77. Ke3 Nd7 78. Kf3 Nb8 79. Kf2 Kb6 80. Ke2 Kc7 81. Ke3 Kb6 82. Kd3 Kxb7 1/2-1/2

[Event "Early-Titled-Tuesday-Blitz-October-17-2023"]
[Site "Chess.com"]
[Date "2023.10.17"]
[Round "10"]
[White "GlavkonVVS"]
[Black "esrosenberg"]
[Result "0-1"]
[WhiteElo "2563"]
[BlackElo "2434"]
[TimeControl "180+1"]
[EndTime "10:01:25 PDT"]
[Termination "esrosenberg won by resignation"]

1. Nf3 d5 2. g3 Nd7 3. Bg2 e5 4. d3 Ngf6 5. O-O Bd6 6. c4 c6 7. a3 a5 8. Nbd2 O-O 9. b3 Re8 10. Bb2 e4 11. dxe4 dxe4 12. Nd4 e3 13. fxe3 Nc5 14. e4 Nfxe4 15. Nxe4 Nxe4 16. Qc2 Bc5 17. Rad1 Ng5 18. h4 Ne6 19. e3 Nxd4 20. exd4 Bd6 21. Qf2 Qc7 22. Rd3 Bg4 23. Re1 h5 24. Rde3 Rxe3 25.
Rxe3 Rf8 26. Kh2 Be7 27. Kg1 Bf6 28. d5 Bxb2 29. Qxb2 cxd5 30. Bxd5 Qc5 31. Qc1 Re8 32. Kf2 b5 33. b4 axb4 34. axb4 Qc8 35. c5 Qf5+ 36.
Bf3 Ra8 37. Qd2 Ra1 38. Qd8+ Kh7 39. Qd3 Ra2+ 40. Kg1 Rb2 41. Qxf5+ Bxf5 42. Be4 Kg6 43. Bxf5+ Kxf5 44. Rf3+ Ke6 45. Rf4 f6 46. Kf1 g5 47.
hxg5 fxg5 48. Rd4 Ke5 49. Rd8 Rxb4 50. c6 Rc4 51. Re8+ Kd6 52. Rg8 Rxc6 53. Rxg5 Rc5 54. Rg6+ Ke5 55. Rg5+ Kd4 56. Rg6 Ke3 57. Re6+ Kf3 58.
Rf6+ Kxg3 59. Ke2 b4 60. Rb6 Rc4 61. Rb5 h4 62. Rg5+ Kf4 63. Rh5 Kg4 64. Rb5 h3 65. Kf2 h2 66. Kg2 Rc2+ 67. Kh1 Rb2 68. Rb8 Kf4 69. Rf8+ Ke4 70. Re8+ Kd4 71. Rd8+ Kc4 72. Rc8+ Kb3 73. Ra8 Rb1+ 74. Kxh2 Kb2 75. Kg2 b3 76. Kf2 Rd1 77. Ke2 Rd7 78. Rc8 Kb1 79.
Rb8 b2 80. Ra8 Rd4 81. Rb8 Kc1 82. Ke3 Rd1 83. Rc8+ Kb1 84. Rb8 Rc1 85. Kd2 Rc7 86. Rb4 Rd7+ 87. Ke2 Kc2 88. Rc4+ Kb3 89. Rc8 Rd4 90.
Rb8+ Rb4 91. Rxb4+ Kxb4 0-1

[Event "Early-Titled-Tuesday-Blitz-October-17-2023"]
[Site "Chess.com"]
[Date "2023.10.17"]
[Round "10"]
[White "DTChess"]
[Black "Mystery2007"]
[Result "1/2-1/2"]
[WhiteElo "2586"]
[BlackElo "2471"]
[TimeControl "180+1"]
[EndTime "10:01:28 PDT"]
[Termination "Game drawn by repetition"]

1. e4 c5 2. Nf3 d6 3. Nc3 Nf6 4. d4 cxd4 5. Nxd4 a6 6. Bc4 e6 7. Bb3 b5 8. a3 Be7 9. f3 Qc7 10. Be3 O-O 11. Qd2 Bd7 12. O-O Nc6 13. Rfd1 Rfc8 14.
Rac1 Ne5 15. Qf2 Nc4 16. Bxc4 Qxc4 17. Nb3 Qc7 18. Bf4 e5 19. Bg5 Be6 20. Bxf6 Bxf6 21.
Nd5 Bxd5 22. Rxd5 Bg5 23. Rcd1 Qxc2 24. Qxc2 Rxc2 25. Rxd6 Rxb2 26. Na5 h6 27. Nc6 a5 28. R6d5 Be3+ 29. Kh1 f6 30. h4 h5 31. Ne7+ Kh7 32. Nf5 Ra7 33. Nxe3 Rc7 34. a4 bxa4 35. Rxa5 Rc3 36. Nf5 Rcc2 37. Ne3 Re2 38. Rd3 Rb3 39. Rxb3 axb3 40. Nc4 Rc2 41. Rb5 Rxc4 42. Rxb3 Kh6 43. Kh2 Rc1 44. Kg3 Kg6 45. Rb8 Rd1 46. Rb3 Re1 47. Kf2 Rh1 48. g3 Rh2+ 49. Kg1 Rd2 50. Rb6 Kh6 51. Rb3 g5 52. hxg5+ Kxg5 53. Rb8 Kg6 54.
Rg8+ Kf7 55. Rh8 Kg6 56. Kf1 Rh2 57. Kg1 Rd2 58. Kh1 Rf2 59. f4 exf4 60. gxf4 Rxf4 61.
Re8 Rf2 62. Kg1 Re2 63. Rg8+ Kh6 64. Rf8 Kg5 65. Rg8+ Kf4 66. Rg6 Ke5 67. Rh6 Rxe4 68. Rxh5+ f5 69. Kf2 Rb4 70. Rh8 Rb2+ 71. Kf3 Rb3+ 72.
Kf2 Ke4 73. Re8+ Kf4 74. Ra8 Rb2+ 75. Kf1 Kg3 76. Ra3+ Kg4 77. Ra8 f4 78. Ra3 Kh4 79.
Kg1 Kg4 80. Kf1 Rh2 81. Kg1 Rc2 82. Rb3 f3 83. Rb8 Rg2+ 84. Kf1 Rc2 85. Rg8+ Kf4 86.
Rf8+ Kg3 87. Rg8+ Kf4 88. Rg7 Ke3 89. Re7+ Kf4 90. Rf7+ Ke3 91. Re7+ Kf4 92. Re8 Kg3 93. Rg8+ Kf4 1/2-1/2

[Event "Early-Titled-Tuesday-Blitz-October-17-2023"]
[Site "Chess.com"]
[Date "2023.10.17"]
[Round "10"]
[White "Doomfist26"]
[Black "Mourinho_Jose"]
[Result "1/2-1/2"]
[WhiteElo "2624"]
[BlackElo "2521"]
[TimeControl "180+1"]
[EndTime "10:01:35 PDT"]
[Termination "Game drawn by 50-move rule"]

1. e4 e5 2. Nf3 Nf6 3. Nxe5 d6 4.
Nf3 Nxe4 5. Nc3 Nxc3 6. dxc3 Be7 7.
Bd3 Nc6 8. Be3 Be6 9. Qe2 Qd7 10. O-O-O O-O-O 11. Bb5 Bf6 12. Bxa7 Rhe8 13. Be3 Bxa2 14. b3 Bxc3 15. Qc4 Bf6 16. Qa4 Qf5 17. Bxc6 bxc6 18. Qxa2 Kd7 19. Nd4 Qd5 20. c4 Qxg2 21. Qc2 Ra8 22.
Qf5+ Ke7 23. Qf3 Qxf3 24. Nxf3 Ra2 25. Bd4 Bxd4 26. Nxd4 Rxf2 27. Rde1+ Kd7 28. Rxe8 Kxe8 29. Nxc6 Kd7 30. Nd4 g5 31. h3 f5 32. Nc2 f4 33.
Rg1 h6 34. h4 gxh4 35. Rh1 Rf3 36. Rxh4 Rxb3 37. Rxf4 Rh3 38. Kd2 Ke6 39. Ne3 Ke5 40. Rf7 Kd4 41. Rf4+ Ke5 42. Rg4 h5 43. Rg7 Kd4 44. Re7 Rh2+ 45. Ke1 Kd3 46. Kf1 Re2 47.
c5 Rxe3 48. Rxc7 dxc5 49. Rxc5 Re4 50. Rxh5 Kd4 51. Kf2 Re5 52. Rh8 Kd5 53. Kf3 Rf5+ 54. Kg4 Re5 55. Kf4 Re4+ 56. Kf3 Re5 57. Rd8+ Ke6 58.
Kf4 Rf5+ 59. Kg4 Re5 60. Ra8 Kd5 61. Ra5+ Kd6 62. Ra6+ Kd5 63. Kf4 Re4+ 64. Kf3 Re6 65. Ra8 Kd6 66. Kf4 Rf6+ 67. Ke4 Kc5 68. Ke5 Rc6 69. Ra1 Kb5 70. Rb1+ Kc5 71. Rb2 Kc4 72. Rc2+ Kb5 73. Rd2 Kc5 74. Rd1 Kc4 75. Rb1 Kc5 76. Ke4 Kc4 77. Rc1+ Kb5 78. Ra1 Kc4 79. Ra8 Re6+ 80.
Kf5 Rc6 81. Ra1 Rc5+ 82. Ke4 Rc6 83. Rc1+ Kb5 84. Rh1 Kc4 85. Ke5 Rc5+ 86. Kd6 Rd5+ 87. Ke6 Rc5 88. Rh4+ Kb5 89. Kd7 Rc4 90. Rh1 Kb4 91.
Kd6 Rd4+ 92. Ke5 Rc4 93. Kd5 Rc5+ 94. Kd4 Rc4+ 95. Ke5 Rc5+ 96. Kd6 Rc4 97. Rb1+ Kc3 98. Kd5 Rd4+ 99. Ke5 Rc4 100. Rh1 1/2-1/2

[Event "Early-Titled-Tuesday-Blitz-October-17-2023"]
[Site "Chess.com"]
[Date "2023.10.17"]
[Round "10"]
[White "JiiHart"]
[Black "falzehope0"]
[Result "0-1"]
[WhiteElo "2199"]
[BlackElo "2331"]
[TimeControl "180+1"]
[EndTime "10:01:44 PDT"]
[Termination "falzehope0 won on time"]

1. e4 d5 2. exd5 Nf6 3. d4 Qxd5 4. c4 Qe4+ 5. Be3 e5 6. Nc3 Bb4 7. d5 O-O 8. h3 c6 9. Nf3 cxd5 10. Bd3 Rd8 11. Bxe4 dxe4 12. Nd2 Nc6 13. a3 Bf8 14. O-O h6 15. Re1 Bf5 16. Qc2 Nd4 17. Bxd4 exd4 18. Ncxe4 Nh7 19. Qd3 Bg6 20. b4 Rac8 21. c5 b6 22. Qc4 Kh8 23. Rac1 bxc5 24. Nxc5 Nf6 25. Nde4 Nh5 26. g3 d3 27. Qb3 d2 28. Nxd2 Rxd2 29.
Nb7 Rb8 30. Nc5 Nf6 31. Rcd1 Rxd1 32. Qxd1 a5 33. Qd4 axb4 34. axb4 Kg8 35. Qc4 Rc8 36. Rb1 Ne4 37. Qd4 Nd6 38. Rc1 Nb5 39. Qe3 Nc7 40. Nb3 Bd6 41. Kh2 Rd8 42. h4 Nd5 43. Qa7 Nxb4 44. Rc4 Nd3 45. Rd4 Nxf2 46. Qb6 Ng4+ 47.
Kg2 Ne3+ 48. Kf3 Nf5 49. Rd5 Re8 50. Rxd6 Nxd6 51. Qxd6 Re6 52. Qd8+ Kh7 53. Nd4 Rf6+ 54. Ke3 Bh5 55. Kd2 Rf2+ 56. Kc3 Rf6 57. Kc4 Bg6 58. Kd5 Bh5 59. Qd7 Bg6 60. g4 Rf2 61. h5 Bb1 62.
Qxf7 Rd2 63. Ke5 Rd1 64. Qd5 Bd3 65. Qc5 Re1+ 66. Kf4 Rf1+ 67. Ke3 Bb1 68. Nf5 Bxf5 69. g5 hxg5 70. Qe5 Bb1 71. Qxg5 Re1+ 72. Kf2 Re6 73. Kf3 Be4+ 74. Kf4 Bc2 75. Qg4 Re4+ 76. Kf5 Rxg4+ 77. Kxg4 Kh6 78. Kh4 Bd1 79. Kg3 Bxh5 80. Kh4 Bf7 81. Kg3 g5 82. Kh3 Kh5 83. Kg3 g4 84. Kh2 Kh4 85. Kg1 g3 86. Kg2 Bd5+ 87. Kg1 Kh3 88. Kf1 Kh2 89. Ke2 g2 90. Ke3 g1=Q+ 91. Kf4 Qg6 92.
Ke5 Bg8 93. Kf4 Qh5 94. Ke3 Qf5 95. Ke2 Qf4 96. Ke1 Qe3+ 97. Kd1 Qf2 0-1